 Dungeon Crawl Stone Soup version 0.31-a0-239-g0a1456f148 (webtiles) character file.

Game seed: 15959483848779050515

32 qw the Shooter (level 3, -5/21 HPs)
             Began as a Gargoyle Hexslinger on July 11, 2023.
             Slain by a gnoll
             ... wielding a +0 flail
              (9 damage)
             ... on level 2 of the Dungeon.
             The game lasted 00:00:23 (739 turns).

qw the Shooter (Gargoyle Hexslinger)                 Turns: 739, Time: 00:00:24

Health: -5/21      AC:  8    Str: 11    XL:     3   Next: 25%
Magic:  4/4        EV: 10    Int: 13    God:
Gold:   113        SH:  0    Dex: 14    Spells: 3/4 levels left

rFire   . . .        a - +1 sling
rCold   . . .        (no shield)
rNeg    + . .        e - +0 ring mail
rPois   inf          (no helmet)
rElec   +            (no cloak)
rCorr   .            (no gloves)
SInv    .            (no boots)
Will    .....        (no amulet)
Stlth   +            (no ring)
HPRegen 0.23/turn    (no ring)
MPRegen 0.09/turn

%: no passive effects
@: no status effects
A: sickness immunity, AC +3, negative energy resistance 1, electricity
resistance, torment resistance 1, petrification resistance
a: no special abilities


You were on level 2 of the Dungeon.
You visited 1 branch of the dungeon, and saw 2 of its levels.

You collected 113 gold pieces.


Innate Abilities, Weirdness & Mutations

You are immune to sickness and miasma.
Your stone body is resilient. (AC +3)
You are immune to poison.
You resist negative energy. (rN+)
You are resistant to electric shocks. (rElec)
You are resistant to unholy torment.
You are immune to petrification.


   Skills:
 - Level 2.0 Fighting
 + Level 3.2 Ranged Weapons
 - Level 1.5 Dodging
 - Level 1.0 Spellcasting
 - Level 2.6 Hexes


You had 3 spell levels left.
You knew the following spells:

 Your Spells              Type           Power      Damage    Failure   Level
a - Slow                  Hex            28%        N/A       22%         1

Your spell library contained the following spells:

 Spells                   Type           Power      Damage    Failure   Level
 Inner Flame              Hex/Fire       4%         N/A       75%         3
 Portal Projectile        Hex/Tloc       8%         N/A       75%         3
 Cause Fear               Hex            3%         N/A       92%         4

Inventory:

Hand Weapons
 a - a +1 sling (weapon)
Armour
 e - a +0 ring mail (worn)
Potions
 d - a potion of resistance
 f - a potion of invisibility {unknown}

Dungeon Overview and Level Annotations

Branches:
Dungeon (2/15)

Altars:

Shops:
D:2 =


Message History

You shoot a sling bullet. The sling bullet hits the kobold!
You kill the kobold!
There is an open door here.
You see here a +0 short sword.
You now have 99 gold pieces (gained 3).
You now have 113 gold pieces (gained 14).
You open the door. 2 kobolds come into view.
The kobold shouts! x2; You hear a shout!
A quokka comes into view.
Found a murky orange potion, a scroll labelled DEBRER AC GYU and 3 stones.
Enter note:
Enter note: You shoot a sling bullet.
The sling bullet hits the kobold.
The kobold is moderately wounded.
A gnoll comes into view. It is wielding a +0 flail.
The gnoll moves out of view.
You shoot a sling bullet. The sling bullet hits the kobold.
You kill the kobold!
You shoot a sling bullet. The sling bullet hits the gnoll.
The gnoll is moderately wounded.
The gnoll hits you with a +0 flail.
You shoot a sling bullet.
The sling bullet closely misses the gnoll.
The sling bullet barely misses the kobold.
The gnoll hits you but does no damage. The gnoll hits you with a +0 flail.
You shoot a sling bullet.
The sling bullet hits the gnoll but does no damage.
The gnoll is lightly wounded.
The gnoll hits you with a +0 flail!
You shoot a sling bullet.
The sling bullet closely misses the gnoll.
The gnoll closely misses you. The gnoll hits you but does no damage.
You shoot a sling bullet.
The sling bullet barely misses the gnoll.
The gnoll hits you with a +0 flail.
You shoot a sling bullet.
The sling bullet barely misses the gnoll.
The gnoll hits you with a +0 flail!
You die...

# #.....%## #
#######..#######
####...............
.......####)#######
......###.....##
##.##.# ##.....##
....>.# ##.....##
....#.# ##.....##
....#.+ ##...@.#
.#..#.# ###g###
.#....# ..K ##....#
#..! #....# +.?.
#.##.### #..(
#....#.## #...
####.#).## ###+
#.'...##


You could see a gnoll and a kobold.

Vanquished Creatures
  A worm (D:2)
  A bat (D:1)
  3 endoplasms
  A giant cockroach (D:1)
  2 quokkas
  5 ball pythons
  A frilled lizard (D:1)
  6 goblins (D:1)
  4 kobolds
  3 rats
27 creatures vanquished.

Notes
Turn   | Place    | Note
-------+----------+-------------------------------------------
     0 | D:1      | qw the Gargoyle Hexslinger began the quest for the Orb.
     0 | D:1      | Reached XP level 1. HP: 12/12 MP: 2/2
     0 | D:1      | 0 ||| qw: Version: 0.3-a-52-g30416fa
     0 | D:1      | 0 ||| qw: Game counter: 5946
     0 | D:1      | 0 ||| qw: Melee chars always use a shield: true
     0 | D:1      | 0 ||| qw: God list: Okawaru
     0 | D:1      | 0 ||| qw: Allow faded altars: false
     0 | D:1      | 0 ||| qw: Do Orc after clearing Dungeon:15 true
     0 | D:1      | 0 ||| qw: Do second Lair branch before Depths: true
     0 | D:1      | 0 ||| qw: Lair rune preference: random
     0 | D:1      | 0 ||| qw: Goals: Normal
     0 | D:1      | 0 ||| PLANNING D:1-11
   116 | D:1      | 116 ||| FLEEEEING.
   117 | D:1      | 117 ||| FLEEEEING.
   119 | D:1      | 119 ||| FLEEEEING.
   205 | D:1      | Reached XP level 2. HP: 16/16 MP: 3/3
   326 | D:1      | Reached skill level 3 in Ranged Weapons
   479 | D:1      | 479 ||| UPGRADING to +0 ring mail.
   489 | D:1      | 489 ||| DROPPING +0 robe.
   490 | D:1      | 490 ||| DRINKING 2 bubbling brown potions.
   491 | D:1      | 491 ||| DROPPING scroll of poison.
   528 | D:2      | Found Iwat's Jewellery Emporium.
   536 | D:2      | 536 ||| SHOPLISTING +6 ring of dexterity (468 gold, have
                  | 83).
   536 | D:2      | 536 ||| SHOPLISTING amulet of Esim {Faith Fragile rC++
                  | rCorr MP+9} (1084 gold, have 83).
   536 | D:2      | 536 ||| SHOPLISTING amulet of regeneration (390 gold, have
                  | 83).
   536 | D:2      | 536 ||| SHOPLISTING amulet of the acrobat (390 gold, have
                  | 83).
   536 | D:2      | 536 ||| SHOPLISTING ring of fire (325 gold, have 83).
   536 | D:2      | 536 ||| SHOPLISTING ring of protection from cold (325 gold,
                  | have 83).
   536 | D:2      | 536 ||| SHOPLISTING ring of protection from fire (325 gold,
                  | have 83).
   640 | D:2      | Reached XP level 3. HP: 21/21 MP: 4/4
   738 | D:2      | HP: 4/21 [gnoll/+0 flail (6)]
   739 | D:2      | Slain by a gnoll

Levels and vault maps discovered:
D:1:      wander_arrival_peaceful_grave, layout_basic
D:2:      layout_basic, serial_shops, nicolae_shop_gaudy_bauble,
          nicolae_shop_gaudy_bauble, nicolae_shop_unique_rings,
          minmay_quadrilaterals

Skill      XL: |  1  2 |
---------------+-------+-----
Ranged Weapons | 3 |  3.2
Fighting       | 2 |  2.0
Dodging        | |  1.5
Spellcasting   | |  1.0
Hexes          | |  2.6

Action                     || total
---------------------------++-------
   Fire: Sling             ||   105
    Use: Potion            ||     1
 Armour: Robe              ||    14
         Ring mail         ||    13
  Dodge: Dodged            ||    31

Table legend:
 A = Non-vault XP
 B = Vault XP
 C = Vault XP percentage of total XP
 D = Non-vault monster count
 E = Vault monster count
 F = Vault count percentage of total count
                 A         B        C        D         E       F
            +---------+---------+-------+---------+---------+-------
      Total |      44 |       2 |   4.3 |      26 |       1 |   3.7
            +---------+---------+-------+---------+---------+-------
        D:1 |      28 |       0 |   0.0 |      19 |       0 |   0.0
        D:2 |      16 |       2 |  11.1 |       7 |       1 |  12.5
            +---------+---------+-------+---------+---------+-------
